Map: Blackpink LE

Players

llllllllllll - Winner!

  • Race: Terran Terran
  • League: Master
  • Spawn Location: 1:00

Cellsidus

  • Race: Zerg Zerg
  • League: Diamond
  • Spawn Location: 7:00

VOD

Have the link to the VOD?

Description

Time

  • Played on: March 20, 2018, 10:04 a.m.
  • Length: 24:58
Show
View Real Time Build Order
Export as new Build Order

llllllllllll Terran - Winner!

Build Orders: Mech 

Get SALT Encoding   

  12  0:01  SCV  
  13  0:14  SCV  
  13  0:18  Supply Depot  
  14  0:26  SCV  
  15  0:39  SCV  
  15  0:42  Barracks  
  16  0:51  SCV  
  17  1:04  SCV  
  18  1:18  SCV  
  19  1:30  SCV  
  20  1:41  Command Center  
  20  1:42  Orbital Command  
  20  1:45  Refinery  
  20  1:46  Refinery  
  20  1:56  Bunker  
  20  1:59  Marine  
  21  2:07  Supply Depot  
  21  2:08  SCV  
  22  2:17  Marine  
  23  2:28  SCV  
  24  2:31  Factory  
  24  2:40  Marine  
  24  2:41  SCV  
  26  2:49  Factory  
  26  2:53  SCV  
  26  2:54  Orbital Command  
  27  3:00  Barracks Tech Lab  
  27  3:05  SCV  
  28  3:14  Refinery  
  28  3:17  SCV  
  29  3:21  SCV  
  29  3:24  Barracks Reactor  
  30  3:27  Siege Tank  
  30  3:29  SCV  
  30  3:33  SCV  
  35  3:35  Supply Depot  
  35  3:41  SCV  
  35  3:43  Starport  
  36  3:49  SCV  
  36  3:53  SCV  
  38  4:01  SCV  
  39  4:06  SCV  
  39  4:08  Command Center  
  40  4:13  SCV, Hellion  
  43  4:18  SCV  
  44  4:25  SCV  
  44  4:26  Supply Depot, Siege Tank  
  44  4:30  SCV, Viking  
  51  4:37  SCV  
  54  4:38  Hellion  
  54  4:41  Infernal Pre-Igniter  
  54  4:48  SCV  
  54  4:49  SCV  
  54  4:50  Supply Depot  
  56  4:54  Refinery  
  56  4:58  Hellion, Siege Tank  
  61  5:00  SCV  
  61  5:03  Starport Tech Lab  
  62  5:09  Engineering Bay  
  62  5:11  SCV  
  62  5:12  SCV  
  64  5:22  Hellion x2  
  64  5:23  SCV  
  64  5:25  SCV, Supply Depot  
  64  5:28  Banshee  
  73  5:31  Hyperflight Rotors  
  73  5:35  Starport  
  73  5:40  Missile Turret  
  73  5:41  SCV x2  
  75  5:52  Supply Depot  
  75  5:53  SCV x2  
  75  5:56  Missile Turret  
  77  6:02  Missile Turret  
  77  6:05  Planetary Fortress  
  77  6:12  Missile Turret x2  
  77  6:14  Banshee  
  77  6:15  Starport Tech Lab  
  77  6:16  Missile Turret  
  77  6:18  Siege Tank  
  83  6:19  SCV x2  
  85  6:26  Refinery  
  85  6:28  Refinery  
  85  6:31  SCV x2  
  85  6:32  Barracks Tech Lab  
  87  6:33  Factory  
  87  6:43  SCV  
  87  6:45  SCV x2  
  90  6:57  Banshee  
  83  7:02  Siege Tank  
  83  7:03  Banshee  
  83  7:04  Cloaking Field  
  89  7:10  SCV x2  
  91  7:19  Hellion x2  
  95  7:25  Armory, SCV x3  
  95  7:26  Barracks Tech Lab  
  95  7:28  Hellion  
  100  7:37  SCV  
  100  7:41  Command Center  
  101  7:48  SCV, Hellion x2  
  106  7:53  Supply Depot x2  
  106  8:02  Viking  
  106  8:03  SCV  
  109  8:09  Factory  
  109  8:12  Terran Vehicle Weapons Level 1  
  109  8:14  SCV, Viking, Siege Tank  
  109  8:15  Armory  
  109  8:16  SCV x2  
  109  8:17  Supply Depot, Command Center  
  117  8:32  Siege Tank  
  120  8:41  Supply Depot  
  120  8:47  Siege Tank  
  117  8:56  Siege Tank  
  117  8:59  Raven x2  
  117  9:00  Barracks Tech Lab  
  124  9:03  Terran Vehicle And Ship Armor Level 1  
  124  9:04  SCV  
  124  9:05  Siege Tank  
  128  9:13  Missile Turret  
  128  9:14  Missile Turret  
  128  9:16  Supply Depot  
  128  9:19  Siege Tank  
  131  9:34  Sensor Tower  
  131  9:35  Building Armor  
  131  9:36  Supply Depot, Command Center  
  131  9:37  Supply Depot  
  131  9:38  Siege Tank x2  
  131  9:39  Missile Turret x2, Supply Depot x2  
  131  9:42  Banshee  
  140  9:49  Planetary Fortress  
  140  9:53  SCV x2  
  140  9:56  Banshee  
  145  10:00  Refinery  
  145  10:02  Missile Turret  
  145  10:03  Missile Turret  
  145  10:04  Starport  
  145  10:05  Refinery  
  145  10:06  SCV x2  
  147  10:10  Missile Turret  
  147  10:12  SCV  
  148  10:18  SCV x2  
  148  10:20  Ghost Academy  
  150  10:22  Terran Vehicle Weapons Level 2  
  150  10:23  Missile Turret  
  150  10:32  Starport  
  150  10:36  Starport  
  150  10:47  SCV  
  150  10:48  SCV  
  152  10:50  Sensor Tower  
  152  10:52  Missile Turret  
  152  10:55  Planetary Fortress  
  152  11:29  Missile Turret  
  152  11:30  Missile Turret  
  152  11:32  Raven x2  
  156  11:49  Siege Tank x2  
  156  11:51  Supply Depot  
  156  11:52  Supply Depot  
  162  11:56  Starport Tech Lab x3  
  162  12:15  Raven  
  146  12:36  Command Center  
  132  12:45  Siege Tank x2  
  132  12:46  Siege Tank  
  135  13:02  Raven x2  
  135  13:03  Terran Vehicle Weapons Level 3  
  135  13:05  Personal Cloaking  
  139  13:06  Terran Vehicle And Ship Armor Level 2  
  139  13:17  Siege Tank  
  139  13:18  Siege Tank  
  145  13:35  Siege Tank  
  145  13:37  SCV  
  145  13:41  Banshee x2  
  149  13:45  Ghost  
  149  13:46  Command Center  
  153  13:50  Siege Tank x2  
  157  14:10  Raven x2  
  157  14:11  Missile Turret  
  157  14:12  Missile Turret  
  159  14:51  Banshee x2  
  159  14:52  Missile Turret  
  165  14:54  Nuke  
  165  14:57  Ghost Academy  
  165  14:59  Ghost  
  165  15:05  Planetary Fortress  
  167  15:14  Refinery, SCV x2  
  169  15:26  Viking x3  
  175  15:34  Ghost  
  177  15:37  SCV x4  
  135  16:31  Raven x2  
  135  16:32  Viking x2  
  143  16:44  Hellion x2  
  147  17:17  Planetary Fortress  
  147  17:42  Refinery  
  147  17:46  Supply Depot  
  147  17:52  Supply Depot x2  
  147  17:54  Supply Depot  
  147  17:55  Refinery  
  147  17:56  Supply Depot  
  147  17:57  Refinery  
  147  17:58  Supply Depot  
  147  18:01  Command Center  
  147  18:02  Supply Depot  
  147  18:03  Supply Depot  
  147  18:06  Supply Depot  
  147  18:08  SCV, Siege Tank x2  
  154  18:13  Ghost, Siege Tank  
  154  18:16  Viking x5  
  169  18:29  Missile Turret  
  169  18:31  Missile Turret  
  169  18:37  Missile Turret  
  169  18:38  Missile Turret  
  169  18:40  Missile Turret, Terran Vehicle And Ship Armor Level 3, Siege Tank  
  172  18:41  Ghost  
  172  18:42  Terran Ship Weapons Level 1  
  174  18:51  SCV x3  
  174  18:52  SCV  
  174  18:54  Missile Turret x2  
  173  19:03  SCV  
  174  19:15  Raven x4  
  182  19:46  Raven  
  184  19:58  Raven  
  186  20:00  Viking x3  
  141  20:29  Viking  
  138  20:43  Siege Tank x3  
  140  21:15  Siege Tank  
  137  21:19  Hellion x4  
  120  21:40  Hellion  
  120  21:41  Hellion  
  108  21:55  Hellion x3  
  101  22:02  Hellion x2  
  101  22:05  Orbital Command  
  105  22:13  Banshee x3  
  105  22:15  Terran Ship Weapons Level 2  
  114  22:16  Nuke  
  114  22:17  Hellion  
  114  22:19  Siege Tank  
  114  22:21  Missile Turret  
  116  22:23  Missile Turret  
  116  22:24  Missile Turret  
  116  22:25  Refinery  
  105  22:31  Refinery  
  98  22:44  Hellion x4  
  103  22:51  Hellion  
  103  22:57  Command Center  
  103  23:05  Hellion x3, Siege Tank  
  112  23:12  Ghost  
  114  23:17  Siege Tank  
  117  23:32  Siege Tank  
  117  23:33  Hellion x2  
  124  23:35  SCV  
  115  23:57  Hellion x3  
  115  23:58  Hellion  
  123  24:05  Hellion  
  125  24:19  Hellion  
  125  24:21  Hellion x3  
Show
View Real Time Build Order
Export as new Build Order

Cellsidus Zerg 

Build Orders: Hatch First 

Get SALT Encoding   

  12  0:01  Drone  
  13  0:12  Overlord  
  13  0:19  Drone  
  14  0:31  Drone x2  
  14  0:35  Drone  
  17  1:00  Hatchery  
  17  1:02  Drone  
  17  1:03  Drone  
  18  1:16  Extractor  
  18  1:18  Spawning Pool  
  16  1:20  Drone  
  16  1:22  Drone  
  18  1:30  Drone  
  19  1:43  Overlord  
  19  1:53  Drone  
  20  2:04  Zergling x2  
  21  2:11  Queen x2  
  21  2:12  Drone x2  
  27  2:17  Metabolic Boost  
  27  2:24  Zergling x2  
  27  2:29  Drone  
  29  2:39  Hatchery  
  29  2:42  Drone x2  
  30  2:45  Drone  
  30  2:47  Drone  
  32  2:55  Drone x2  
  34  3:04  Overlord  
  34  3:09  Queen  
  34  3:11  Overlord  
  36  3:24  Drone x2  
  36  3:25  Drone x6  
  44  3:43  Extractor x2  
  42  3:59  Zergling x10  
  42  4:00  Zergling x10  
  52  4:03  Lair  
  52  4:06  Queen  
  52  4:08  Drone x2  
  52  4:09  Drone x2  
  58  4:19  Overlord x2  
  58  4:20  Overlord  
  58  4:39  Drone x3  
  61  4:48  Drone  
  61  4:49  Baneling Nest  
  61  4:52  Drone x6  
  67  4:57  Zergling x8  
  67  4:58  Zergling x6  
  74  5:21  Evolution Chamber  
  74  5:22  Overlord x2, Hydralisk Den  
  74  5:23  Overlord x2, Evolution Chamber  
  71  5:42  Drone  
  72  5:43  Drone x12  
  72  5:48  Zerg Missile Weapons Level 1  
  72  5:49  Zerg Ground Armor Level 1  
  84  5:50  Centrifical Hooks  
  84  5:54  Grooved Spines  
  84  5:55  Zergling x6  
  87  6:00  Extractor  
  87  6:02  Extractor  
  85  6:05  Drone x3  
  85  6:10  Drone x3  
  91  6:12  Hydralisk  
  91  6:13  Hydralisk  
  91  6:16  Overlord, Hatchery  
  91  6:17  Overlord  
  94  6:24  Drone x2  
  94  6:25  Drone  
  97  6:28  Zergling x2  
  98  6:34  Hydralisk x4  
  98  6:35  Hydralisk  
  98  6:36  Zergling x2  
  106  7:00  Zergling x2, Hydralisk x2  
  106  7:01  Zergling x6  
  106  7:08  Overlord x3  
  106  7:12  Muscular Augments  
  106  7:32  Zergling x8, Hydralisk x5  
  106  7:33  Zergling x2  
  121  7:37  Queen  
  121  7:38  Queen  
  121  7:39  Queen  
  121  7:42  Overlord  
  121  7:43  Overlord  
  121  7:44  Overlord  
  127  7:46  Zerg Missile Weapons Level 2, Zerg Ground Armor Level 2  
  127  7:47  Hydralisk x2  
  127  7:48  Hydralisk x2  
  127  7:50  Zergling x2  
  136  7:59  Baneling  
  136  8:00  Baneling x5  
  136  8:02  Baneling  
  136  8:24  Infestation Pit  
  133  8:28  Overseer x2  
  133  8:31  Pneumatized Carapace  
  107  8:53  Drone  
  107  8:54  Drone x3  
  107  8:55  Drone x2  
  111  8:56  Drone x4  
  111  8:57  Drone x4  
  111  8:58  Drone x3  
  111  8:59  Drone x4  
  111  9:00  Drone, Hydralisk  
  111  9:01  Zergling x8, Hydralisk x2  
  137  9:17  Baneling  
  137  9:18  Baneling x14  
  137  9:27  Drone  
  137  9:28  Drone x11  
  137  9:31  Extractor  
  148  9:32  Extractor  
  147  9:45  Drone x3  
  149  9:46  Drone x3  
  153  10:04  Hatchery  
  152  10:07  Hydralisk x2  
  152  10:08  Zergling x8  
  152  10:14  Zerg Melee Weapons Level 1  
  160  10:15  Hive  
  160  10:18  Spire  
  159  10:22  Overlord x6  
  159  10:28  Baneling  
  159  10:29  Baneling x9  
  159  10:30  Baneling  
  159  10:36  Drone  
  159  10:39  Queen  
  159  10:42  Drone x6  
  168  10:43  Zergling x4, Hydralisk x2  
  174  11:10  Hydralisk x3  
  174  11:11  Zergling x10, Hydralisk x4  
  182  11:12  Zergling x4  
  192  11:21  Zergling x2, Hydralisk x3  
  192  11:22  Zergling x6  
  200  11:30  Greater Spire  
  200  11:32  Zerg Missile Weapons Level 3  
  200  11:38  Zergling x2  
  199  12:08  Zerg Ground Armor Level 3  
  176  12:24  Hydralisk  
  176  12:25  Hydralisk x15  
  176  12:26  Hydralisk x3  
  176  12:29  Overseer x2  
  184  12:33  Corruptor x2  
  184  12:34  Corruptor  
  158  12:55  Drone  
  156  12:58  Drone  
  156  12:59  Drone x7  
  156  13:00  Drone x9  
  173  13:18  Drone  
  174  13:28  Drone x3  
  174  13:34  Corruptor x3  
  177  13:37  Brood Lord x3  
  177  13:41  Zergling x14  
  190  13:42  Zergling x2  
  196  13:53  Zergling x2  
  196  13:54  Zergling x18  
  198  14:04  Extractor  
  198  14:07  Overlord  
  192  14:18  Brood Lord x3  
  188  14:25  Viper x2  
  175  14:39  Viper  
  175  14:42  Zergling x8  
  175  14:43  Zergling x26  
  195  14:47  Zerg Melee Weapons Level 2  
  195  14:51  Zerg Flyer Armor Level 1  
  195  15:05  Baneling  
  195  15:06  Baneling x15  
  195  15:07  Baneling  
  195  15:08  Hatchery  
  195  15:13  Queen  
  196  15:25  Queen  
  198  15:46  Extractor  
  197  15:57  Drone  
  180  16:15  Hydralisk  
  180  16:16  Zergling x8, Hydralisk x6  
  180  16:17  Zergling x12, Hydralisk x4  
  180  16:18  Zergling x2  
  123  16:28  Hydralisk x2  
  123  16:29  Zergling x8, Hydralisk x2  
  123  16:31  Queen  
  123  16:35  Queen  
  125  16:41  Drone x3  
  125  16:42  Drone x2  
  130  16:51  Overseer  
  130  16:52  Overseer  
  130  16:53  Overlord x2, Hydralisk  
  130  16:54  Zergling x2, Hydralisk  
  123  16:58  Hatchery  
  121  17:07  Hydralisk  
  121  17:08  Zergling x8, Hydralisk x4  
  127  17:09  Zergling x2  
  127  17:11  Queen  
  136  17:15  Drone  
  136  17:16  Drone x6  
  143  17:31  Corruptor x7  
  143  17:32  Corruptor x2  
  161  17:39  Zerg Melee Weapons Level 3  
  161  17:48  Corruptor  
  161  17:49  Corruptor x5  
  161  17:50  Corruptor x4  
  181  17:54  Zergling x2  
  181  17:55  Zergling x10  
  187  17:59  Extractor  
  187  18:00  Drone  
  189  18:18  Brood Lord x3  
  191  18:34  Zergling x2, Hydralisk x4  
  191  18:39  Hatchery  
  190  18:58  Brood Lord x4  
  193  19:10  Brood Lord  
  193  19:15  Brood Lord, Zergling x4  
  144  20:26  Zergling x2, Hydralisk x5  
  144  20:27  Zergling x12, Hydralisk x4  
  153  20:47  Zergling x2, Hydralisk x4  
  153  20:48  Zergling x12, Hydralisk x3  
  162  21:06  Zergling x2, Hydralisk x2  
  162  21:07  Zergling x4  
  135  21:20  Hydralisk x4  
  119  21:42  Zergling x2, Hydralisk x4  
  119  21:43  Zergling x10, Hydralisk x2  
  89  22:02  Zergling x2, Hydralisk x2  
  89  22:03  Zergling x2  
  93  22:13  Hatchery  
  90  22:27  Hatchery  
  69  22:59  Zergling x2, Hydralisk x4  
  69  23:00  Zergling x2, Hydralisk x2  
  69  23:01  Zergling x2  
  84  23:26  Queen  
  86  23:32  Overseer  
  86  23:33  Hydralisk x2  
  72  23:51  Spore Crawler  
  72  23:52  Spore Crawler  
  72  23:53  Zergling x4, Hydralisk x2  
  62  24:19  Hydralisk x5  
  68  24:39  Drone x2  
  68  24:40  Drone x6  
  68  24:41  Drone  
Tags
 
Composition
Mech
Matchup
TvZ
Spawn Locations
Cross Positions
Add a new tag
Caveats
  • Supply blocks, unpowered buildings, or Contaminate may cause inaccurate times.
  • Supply counts are checked every 10 seconds.